 Dungeon Crawl Stone Soup version 0.31-a0-1424-g2add1c7226 (webtiles) character file.

Game seed: 1772474214933863340

34 Firecrotchwizard the Trooper (level 3, -1/33 HPs)
             Began as a Hill Orc Fighter on Dec 26, 2023.
             Slain by Natasha (5 damage)
             ... on level 2 of the Dungeon.
             The game lasted 00:01:16 (257 turns).

Firecrotchwizard the Trooper (Hill Orc Fighter)      Turns: 257, Time: 00:01:17

Health: -1/33      AC: 11    Str: 20    XL:     3   Next: 31%
Magic:  3/3        EV:  5    Int:  8    God:
Gold:   13         SH:  4    Dex: 10    Spells: 2/2 levels left

rFire   . . .        a - +0 war axe
rCold   . . .        c - +0 buckler
rNeg    . . .        j - +0 plate armour
rPois   .            (no helmet)
rElec   .            (no cloak)
rCorr   .            (no gloves)
SInv    .            (no boots)
Will    .....        (no amulet) Stlth
                     (no ring)
HPRegen 0.25/turn    (no ring)
MPRegen 0.08/turn

%: no passive effects
@: lethally poisoned (-1 -> -3), slowed, very slow
A: no striking features
a: no special abilities


You were on level 2 of the Dungeon.
You visited 1 branch of the dungeon, and saw 2 of its levels.

You collected 13 gold pieces.

Inventory:

Hand Weapons
 a - a +0 war axe (weapon)
Armour
 b - a +0 scale mail
 c - a +0 buckler (worn)
 j - a +0 plate armour (worn)
Scrolls
 e - a scroll of blinking {unknown}
 g - 3 scrolls of teleportation {unknown}
 h - 2 scrolls of immolation {unknown}
 i - a scroll of revelation {unknown}
Potions
 d - a potion of might
 f - a potion of curing {unknown}


   Skills:
 + Level 4.2 Fighting
 * Level 4.2 Axes
 - Level 3.2 Armour
 - Level 3.2 Shields


You had 2 spell levels left.
You didn't know any spells.
Your spell library was empty.

Dungeon Overview and Level Annotations

Branches:
Dungeon (2/15)

Altars:

Annotations:
D:2 Natasha


Message History

The adder bites you but does no damage. Natasha claws you.
The cerulean imp hits you but does no damage. x2
The adder bites you but does no damage.
You slash Natasha!
Natasha is heavily wounded.
You miss the adder. You barely miss the cerulean imp.
The adder barely misses you.
Natasha stares at you and mumbles some strange words.
You resist with significant effort.
The cerulean imp hits you but does no damage. x2
You block the adder's attack. Natasha casts a spell at you.
You resist with significant effort.
The cerulean imp hits you with a +0 spear.
The cerulean imp hits you but does no damage.
Unknown command.
You slash Natasha!
You kill Natasha!
Natasha growls in agony!
The cerulean imp disappears in a puff of smoke! x2
You miss the adder. The adder barely misses you.
The adder bites you but does no damage. x2
Your Fighting skill increases to level 4!
Your Axes skill increases to level 4!
You have reached level 3!
Your experience leads to an increase in your attributes!
Increase (s)trength, (i)ntelligence, or (d)exterity?
You feel stronger. x2
You hit the adder but do no damage. The adder bites you.
You are poisoned.
The adder poisons you! The adder bites you but does no damage.
You block the adder's attack.
You miss the adder.
You feel very sick. The adder bites you but does no damage.
Natasha, Servant of Life and Death comes into view.
The adder bites you but does no damage.
You hit the adder.
The adder is heavily wounded.
You feel sick. The adder bites you.
* * * LOW HITPOINT WARNING * * *
The adder bites you but does no damage. You block the adder's attack.
You feel yourself speed up.
You feel sick.
You are no longer poisoned.
The adder attacks as it pursues you!
The adder bites you but does no damage. x2
You closely miss the adder.
The adder is heavily wounded.
The adder barely misses you.
You hit Natasha.
Natasha is moderately wounded.
You hit the adder. The adder bites you but does no damage. Natasha claws you.
* * * LOW HITPOINT WARNING * * *
The adder bites you but does no damage. Natasha claws you but does no damage.
You hit Natasha but do no damage.
Natasha is moderately wounded.
You hit the adder. The adder completely misses you.
Natasha claws you but does no damage. The adder barely misses you.
Unknown command.
You closely miss Natasha.
Natasha is moderately wounded.
You miss the adder. The adder bites you but does no damage.
Natasha stares at you and mumbles some strange words.
You feel yourself slow down. The adder bites you.
* * * LOW HITPOINT WARNING * * *
You are poisoned.
The adder poisons you!
You miss Natasha.
Natasha is moderately wounded.
You miss the adder.
You feel very sick. Natasha claws you but does no damage.
The adder bites you but does no damage. You block Natasha's attack.
The adder bites you but does no damage.
Unknown command.
You hit Natasha but do no damage.
Natasha is moderately wounded.
You miss the adder.
You feel sick. The adder bites you but does no damage.
Natasha claws you but does no damage. The adder bites you but does no damage.
Natasha completely misses you.
Unknown command.
You barely miss Natasha.
Natasha is moderately wounded.
You miss the adder.
You feel sick.
You are no longer poisoned.
The adder bites you but does no damage. The adder bites you.
* * * LOW HITPOINT WARNING * * *
You are poisoned.
The adder poisons you! Natasha completely misses you. Natasha claws you.
* * * LOW HITPOINT WARNING * * *
The adder bites you but does no damage.
You hit Natasha but do no damage.
Natasha is moderately wounded.
You closely miss the adder.
* * * LOW HITPOINT WARNING * * *
You feel very sick. The adder bites you but does no damage.
You block Natasha's attack. The adder bites you but does no damage.
Natasha claws you.
You die...
Natasha begins licking her fur clean.

#..####.............#
##........#..........#
#...###.#.#..........#
....###.#............#
..............##.#####
.......######....# .
...###...###....## ...
##.
#.......†..#####....
#.
#..####.....@h.......
#>## #######S.......
#.. #...~⌠~⌠~ #.#
#.#.~.... .. #.#.⌠.###
... #.# ~.# #.# ⌠.#
#.# .. #.. ~~.


You could see Natasha and an adder.

Vanquished Creatures
  Natasha (D:2)
  2 bats
  2 endoplasms
  2 hobgoblins (D:2)
  A goblin (D:1)
  A rat (D:2)
9 creatures vanquished.

Notes
Turn   | Place    | Note
-------+----------+-------------------------------------------
     0 | D:1      | Firecrotchwizard the Hill Orc Fighter began the quest for
                  | the Orb.
     0 | D:1      | Reached XP level 1. HP: 19/19 MP: 1/1
   205 | D:2      | Reached XP level 2. HP: 25/27 MP: 2/2
   236 | D:2      | Noticed Natasha
   245 | D:2      | Killed Natasha
   246 | D:2      | Reached XP level 3. HP: 21/33 MP: 3/3
   247 | D:2      | Noticed Natasha
   257 | D:2      | Slain by Natasha

Illustrated notes

Levels and vault maps discovered:
D:1:      nicolae_arrival_washed_ashore, layout_basic,
          chequers_serial_rivers_micro_b, minmay_split_cup_small
D:2:      minmay_evil_eye, layout_rooms, shapermc_ecumenical_altar_acropolis,
          uniq_natasha

Skill      XL: |  1  2 |
---------------+-------+-----
Axes           | 3 4 |  4.2
Fighting       | 4 |  4.2
Armour         | |  3.2
Shields        | |  3.2

Action                     || total
---------------------------++-------
  Melee: War axe           ||    27
 Armour: Scale mail        ||     8
         Plate armour      ||    50
  Dodge: Dodged            ||    12
  Block: Buckler           ||     9

Table legend: (Time is in decaauts)
 A = Elapsed time spent in this place.
 B = Non-inter-level travel time spent in this place.
 C = Inter-level travel time spent in this place.
 D = Time resting spent in this place.
 E = Time spent auto-exploring this place.
 F = Levels seen in this place.
 G = Mean time per level.
                   A        B        C        D        E       F      G
               +--------+--------+--------+--------+--------+-----+--------+
         Total |    274 |    263 |     11 |      0 |    160 |   2 |  137.0 |
       Dungeon |    274 |    263 |     11 |      0 |    160 |   2 |  137.0 |
               +--------+--------+--------+--------+--------+-----+--------+

Top non-repeatable levels by time:
     D:1: 143 daAuts
     D:2: 130 daAuts
